 Dungeon Crawl Stone Soup version 0.21-a0-273-g0785366 (webtiles) character file.

22179 Lavandula the Basher (level 12, -13/100 HPs)
             Began as a Ghoul Warper on Sept 16, 2017.
             Was a High Priest of Cheibriados.
             Mangled by a hellwing (18 damage)
             ... summoned by an orc high priest
             ... on level 2 of the Orcish Mines on Sept 17, 2017.
             The game lasted 01:05:22 (8959 turns).

Lavandula the Basher (Ghoul Warper)                 Turns: 8959, Time: 01:05:24

Health: -13/100    AC:  5    Str: 29    XL:     12   Next: 97%
Magic:  18/18      EV: 16    Int: 23    God:    Cheibriados [*****.]
Gold:   1270       SH:  0    Dex: 20    Spells: 1/20 levels left

rFire    . . .     SeeInvis .   I - +7 demon whip (pain)
rCold    + . .     Gourm    .   (no shield)
rNeg     + + +     Faith    .   a - +0 leather armour
rPois    ∞         Spirit   .   x - +0 helmet
rElec    .         Reflect  .   C - +0 cloak
rCorr    .         Harm     +   (no gloves)
MR       +....                  (no boots)
Stlth    ++........             u - amulet of harm
HPRegen  0.00/turn              d - ring of protection from magic
MPRegen  0.16/turn              N - ring of stealth

@: confused, rotting, very slow
A: rotting body, claws 1, carnivore 3, cold resistance 1, negative energy
resistance 3, inhibited regeneration, torment resistance, unbreathing
a: Bend Time, Temporal Distortion, Slouch, Step From Time, Renounce Religion


You were on level 2 of the Orcish Mines.
You worshipped Cheibriados.
Cheibriados was extremely pleased with you.
You were not hungry.

You visited 3 branches of the dungeon, and saw 16 of its levels.

You collected 1270 gold pieces.

Inventory:

Hand Weapons
 m - the +3 flail "Qaikun" {drain, rF++ Int+3 Dex-5 Stlth+}
   (You found it on level 13 of the Dungeon)

   A truly terrible weapon, it drains the life of those it strikes.
   It affects your intelligence (+3).
   It affects your dexterity (-5).
   It greatly protects you from fire.
   It makes you more stealthy.
 I - a +7 demon whip of pain (weapon)
 V - a +0 blowgun
Missiles
 P - 4 tomahawks (quivered)
 S - 6 tomahawks of returning
 W - 10 curare-tipped needles
Armour
 a - a +0 leather armour (worn)
 c - a +1 chain mail of cold resistance
 n - a +0 ring mail
 x - a +0 helmet (worn)
 C - a +0 cloak (worn)
 H - a +0 pair of gloves
Magical Staves
 g - an uncursed staff of wizardry
 L - an uncursed staff of death
Jewellery
 d - a ring of protection from magic (left claw)
 u - an amulet of harm (around neck)
 N - a ring of stealth (right claw)
Wands
 w - a wand of iceblast (0/15)
 A - a wand of disintegration (3/24)
 B - a wand of flame (33/48)
 K - a wand of paralysis (0/24)
 U - a wand of clouds (0/9)
Scrolls
 e - 3 scrolls of summoning {unknown}
 h - 4 scrolls of magic mapping
 j - 3 scrolls of fog
 k - 2 scrolls of vulnerability {unknown}
 l - a scroll of noise {unknown}
 o - 2 scrolls of remove curse
 q - a scroll of immolation
 y - 2 scrolls of amnesia {unknown}
 E - a scroll of enchant armour {unknown}
 F - 6 scrolls of teleportation
 G - a scroll of torment {unknown}
 X - a scroll of fear
Potions
 i - 2 potions of cancellation
 s - 3 potions of brilliance
 z - 2 potions of resistance
 D - a potion of haste {unknown}
 M - a potion of ambrosia
 Y - a potion of magic {unknown}
Books
 b - a book of Spatial Translocations

   Spells                             Type                      Level
   a - Blink                          Translocation                2
   b - Shroud of Golubria             Charms/Translocation         2
   c - Lesser Beckoning               Translocation                3
   d - Gell's Gravitas                Translocation                3
   e - Teleport Other                 Translocation                3
   f - Passage of Golubria            Translocation                4
 p - a book of Necromancy

   Spells                             Type                      Level
   a - Pain                           Necromancy                   1
   b - Animate Skeleton               Necromancy                   1
   c - Vampiric Draining              Necromancy                   3
   d - Regeneration                   Charms/Necromancy            3
   e - Animate Dead                   Necromancy                   4
   f - Control Undead                 Necromancy                   4
 v - a book of Minor Magic

   Spells                             Type                      Level
   a - Magic Dart                     Conjuration                  1
   b - Blink                          Translocation                2
   c - Call Imp                       Summoning                    2
   d - Slow                           Hexes                        2
   e - Conjure Flame                  Conjuration/Fire             3
   f - Mephitic Cloud                 Conjuration/Poison/Air       3
 O - a book of Misfortune

   Spells                             Type                      Level
   a - Confusing Touch                Hexes                        1
   b - Confuse                        Hexes                        3
   c - Gell's Gravitas                Translocation                3
   d - Petrify                        Transmutation/Earth          4
   e - Metabolic Englaciation         Hexes/Ice                    5
   f - Yara's Violent Unravelling     Hexes/Transmutation          5
 T - Veciroin's Collected Works on the Birds and Envenoming
   (You found it on level 11 of the Dungeon)

   Spells                             Type                      Level
   a - Sting                          Conjuration/Poison           1
   b - Shock                          Conjuration/Air              1
   c - Swiftness                      Charms/Air                   2
   d - Static Discharge               Conjuration/Air              3
   e - Olgreb's Toxic Radiance        Poison                       4
   f - Summon Lightning Spire         Summoning/Air                4
   g - Lightning Bolt                 Conjuration/Air              5
Comestibles
 f - 8 meat rations
 t - 9 royal jellies


   Skills:
 - Level 7.1 Fighting
 - Level 10.7 Maces & Flails
 - Level 0.8 Throwing
 - Level 0.8 Armour
 - Level 5.8 Dodging
 - Level 8.0 Unarmed Combat
 - Level 4.6 Spellcasting
 - Level 3.6 Conjurations
 - Level 4.1 Hexes
 + Level 3.3 Necromancy
 - Level 8.2 Translocations
 - Level 2.5 Air Magic
 - Level 1.0 Poison Magic
 - Level 4.3 Invocations
 - Level 2.0 Evocations


You had one spell level left.
You knew the following spells:

 Your Spells              Type           Power        Failure   Level  Hunger
a - Blink                 Tloc           N/A          1%          2    None
b - Shroud of Golubria    Chrm/Tloc      ###.......   3%          2    None
c - Animate Skeleton      Necr           N/A          2%          1    None
d - Mephitic Cloud        Conj/Pois/Air  ###.....     12%         3    ##.....
e - Passage of Golubria   Tloc           N/A          3%          4    ####...
f - Confusing Touch       Hex            ###...       1%          1    None
g - Lesser Beckoning      Tloc           #####.....   1%          3    ##.....
h - Regeneration          Chrm/Necr      ##........   16%         3    ##.....


Dungeon Overview and Level Annotations

Branches:
Dungeon (13/15)            Temple (1/1) D:5            Lair (0/6) D:8
    Orc (2/2) D:9             Elf (0/3) Orc:2
 Vaults: D:13-14

Altars:
Ashenzari
Cheibriados
Dithmenos
Elyvilon
Fedhas
Gozag
Hepliaklqana
Makhleb
Okawaru
Qazlal
Sif Muna
Trog
Uskayaw
Vehumet
Wu Jian
Xom
The Shining One

Shops:
D:11 %   D:12 [

Annotations:
D:9 exclusion: obsidian statue


Innate Abilities, Weirdness & Mutations

Your body is rotting away.
You thrive on raw meat.
You are immune to poison.
You have sharp fingernails.
You are carnivorous and can eat meat at any time.
Your flesh is cold resistant. (rC+)
You are immune to negative energy. (rN+++)
You do not regenerate when monsters are visible.
You are immune to unholy pain and torment.
You can survive without breathing.


Message History

An orc high priest comes into view. It is wielding a trident.
You bump into the stone wall.
The hellwing barely misses you.
The hellwing hits you but does no damage.
The orc high priest moves out of view.
The orc high priest hits you but does no damage.
The hellwing hits you. x2; The hellwing barely misses you. x2
An orc knight comes into view.
It is wielding a great mace of protection.
The orc knight shouts!
You hit the hellwing but do no damage.
The hellwing is moderately wounded.
You hear a shout!
The ice devil hits you!
* * * LOW HITPOINT WARNING * * *
The ice devil freezes you! You resist.
* * * LOW HITPOINT WARNING * * *
The orc high priest invokes the aid of Beogh against you.
Beogh smites you!
* * * LOW HITPOINT WARNING * * *
The hellwing hits you!
You die...

#......#
##....###...#.##
##..).#####...##
#..####
####.##.#....# ###
##.#....#...##
#............#
##.#.........###
##............##
#..............#
#......@4.....##
########4######
######o######
###((((.oo.o.(###
##.))####4####...#
##..### #)# ###..#
#..## #.# #..#
#.## #o# #.# #.#
#.# .#


You could see an orc knight, an orc high priest, a hellwing, an ice devil, a
chaos spawn, an orc sorcerer and an orc warrior.

Vanquished Creatures
  An ettin (Orc:1)
  4 two-headed ogres (D:13)
  The ghost of kohrah the Transmogrifier, a journeyman OpTm of Sif Muna (D:11)
  2 orc high priests
  Sonja (D:11)
  5 deep elf magi
  2 orc knights (Orc:2)
  An orc sorcerer (Orc:2)
  A cyclops (Orc:1)
  A centaur skeleton (D:13)
  3 trolls
  A hippogriff (D:13)
  A shadow (D:13)
  2 vampires (D:12)
  7 yaks
  3 wyverns
  A warg (Orc:1)
  2 porcupines (D:8)
  15 orc warriors
  4 ice beasts
  A phantom (D:7)
  The ghost of dricus the Shooter, an amateur CeHu (D:3)
  2 black bears
  9 ogres
  14 centaurs
  4 crocodiles
  5 big kobolds
  8 bullfrogs
  A wyvern zombie (D:8)
  A wyvern skeleton (D:13)
  A scorpion (D:7)
  14 wights
  A howler monkey (D:7)
  5 crimson imps
  A gnoll shaman (Orc:1)
  A hound (D:7)
  3 jellies
  14 orc priests
  26 orc wizards
  5 iguanas
  Natasha (D:2)
  8 worker ants
  A killer bee zombie (D:4)
  2 hound skeletons
  5 gnolls
  A howler monkey skeleton (D:6)
  9 adders
  4 shadow imps
  An adder skeleton (D:6)
  A worm (D:2)
  A dart slug (D:4)
  4 leopard geckos
  41 orcs
  A ball python (D:3)
  4 giant cockroaches
  3 goblins
  5 hobgoblins
  6 jackals
  5 quokkas
  3 bats
  A frilled lizard (D:2)
  7 kobolds
  A quokka skeleton (D:6)
  A quokka zombie (D:9)
  2 rats
  A bush (D:8)
294 creatures vanquished.

Vanquished Creatures (collateral kills)
  A hydra (D:9)
  A two-headed ogre (D:13)
  2 dream sheep (D:9)
  3 yaks
  A porcupine (D:8)
  An orc warrior (Orc:2)
  2 ogres
  2 crocodiles (D:8)
  2 wights (D:13)
  A jelly (D:8)
  An orc priest (Orc:2)
  2 orc wizards
  2 gnolls (D:9)
  2 adders
  2 orcs
  A quokka (D:9)
26 creatures vanquished.

Vanquished Creatures (others)
  A bush (D:8)
  4 fungi (D:8)
  6 plants (D:8)
11 creatures vanquished.

Grand Total: 331 creatures vanquished

Notes
Turn   | Place    | Note
-------+----------+-------------------------------------------
     0 | D:1      | Lavandula the Ghoul Warper began the quest for the Orb.
     0 | D:1      | Reached XP level 1. HP: 17/17 MP: 2/2
    98 | D:2      | Reached XP level 2. HP: 20/24 MP: 3/3
   146 | D:2      | Learned a level 2 spell: Blink
   149 | D:2      | Learned a level 2 spell: Shroud of Golubria
   193 | D:2      | Noticed Natasha
   199 | D:2      | HP: 1/24 [Natasha/wand of flame (?/48) (10)]
   200 | D:2      | Killed Natasha
   200 | D:2      | Reached XP level 3. HP: 1/29 MP: 4/4
   331 | D:3      | Reached XP level 4. HP: 35/35 MP: 5/5
   476 | D:2      | Found a faded altar of an unknown god.
   536 | D:3      | Found an iron altar of Okawaru.
   536 | D:3      | Found an ornate altar of the Wu Jian Council.
   538 | D:3      | Found a shattered altar of Ashenzari.
   740 | D:3      | Noticed dricus's ghost (amateur CeHu)
   784 | D:2      | Found a white marble altar of Elyvilon.
  1193 | D:3      | Killed dricus's ghost
  1193 | D:3      | Reached skill level 5 in Unarmed Combat
  1193 | D:3      | Reached XP level 5. HP: 26/41 MP: 0/6
  1297 | D:4      | Learned a level 1 spell: Animate Skeleton
  1313 | D:4      | Found a shadowy altar of Dithmenos.
  1385 | D:4      | Found an opulent altar of Gozag.
  1425 | D:4      | Reached XP level 6. HP: 43/48 MP: 4/7
  1503 | D:4      | Learned a level 3 spell: Mephitic Cloud
  1841 | D:5      | Entered Level 5 of the Dungeon
  1892 | D:5      | Found a staircase to the Ecumenical Temple.
  1913 | D:5      | Noticed an ice beast
  1916 | Temple   | Entered the Ecumenical Temple
  1932 | Temple   | Became a worshipper of Cheibriados the Contemplative
  1956 | D:5      | Killed an ice beast
  1956 | D:5      | Reached XP level 7. HP: 23/55 MP: 5/8
  2662 | D:5      | Reached skill level 5 in Fighting
  2818 | D:6      | Reached XP level 8. HP: 66/69 MP: 7/9
  2908 | D:6      | Reached * piety under Cheibriados
  3101 | D:6      | Reached skill level 5 in Dodging
  3207 | D:6      | Found a bloodstained altar of Trog.
  3320 | D:6      | Reached XP level 9. HP: 13/79 MP: 1/10
  3637 | D:7      | Reached ** piety under Cheibriados
  3735 | D:7      | Found a shimmering altar of Xom.
  3878 | D:8      | Reached skill level 5 in Translocations
  3899 | D:8      | Found a staircase to the Lair.
  4432 | D:8      | Reached XP level 10. HP: 84/86 MP: 4/11
  4465 | D:8      | Reached *** piety under Cheibriados
  4465 | D:8      | Reached skill level 1 in Conjurations
  4560 | D:8      | Found a blossoming altar of Fedhas.
  4582 | D:10     | Entered Level 10 of the Dungeon
  4607 | D:10     | Reached skill level 1 in Maces & Flails
  4706 | D:9      | Reached skill level 2 in Maces & Flails
  4758 | D:9      | Learned a level 4 spell: Passage of Golubria
  4758 | D:9      | Noticed an obsidian statue
  4931 | D:9      | Found an iron altar of Okawaru.
  5108 | D:9      | Found a deep blue altar of Sif Muna.
  5135 | D:9      | Learned a level 1 spell: Confusing Touch
  5142 | D:8      | Reached skill level 1 in Hexes
  5302 | D:9      | Noticed a three-headed hydra
  5313 | D:9      | Killed a three-headed hydra
  5546 | D:9      | Found a staircase to the Orcish Mines.
  5566 | Orc:1    | Entered Level 1 of the Orcish Mines
  5586 | Orc:1    | Noticed a cyclops
  5717 | D:9      | Reached skill level 1 in Air Magic
  6057 | D:10     | Reached skill level 1 in Poison Magic
  6186 | D:11     | Reached **** piety under Cheibriados
  6192 | D:11     | Noticed kohrah's ghost (journeyman OpTm)
  6208 | D:11     | Killed kohrah's ghost
  6208 | D:11     | Reached XP level 11. HP: 92/92 MP: 14/14
  6344 | D:11     | Found Riyji's Food Shoppe.
  6357 | D:11     | Identified Veciroin's Collected Works on the Birds and Envenoming
  6397 | D:11     | Found a shimmering altar of Xom.
  6406 | D:11     | Noticed Sonja
  6422 | D:11     | Learned a level 3 spell: Lesser Beckoning
  6443 | D:11     | Reached skill level 1 in Evocations
  6536 | D:11     | Reached skill level 3 in Maces & Flails
  6570 | D:11     | Killed Sonja
  6570 | D:11     | Reached skill level 4 in Maces & Flails
  6818 | D:12     | Noticed a deep elf mage
  6982 | D:12     | Found Arisayd's Antique Armour Shop.
  6992 | D:12     | Reached skill level 5 in Maces & Flails
  7006 | D:12     | Reached ***** piety under Cheibriados
  7013 | D:12     | Killed a deep elf mage
  7127 | D:13     | Noticed a two-headed ogre
  7132 | D:13     | Reached skill level 6 in Maces & Flails
  7145 | D:13     | Killed a two-headed ogre
  7193 | D:13     | Reached skill level 7 in Maces & Flails
  7219 | D:13     | Noticed a two-headed ogre
  7219 | D:13     | Noticed a two-headed ogre
  7222 | D:13     | Noticed a two-headed ogre
  7235 | D:13     | Killed a two-headed ogre
  7240 | D:13     | Killed a two-headed ogre
  7240 | D:13     | Reached skill level 8 in Maces & Flails
  7243 | D:13     | Killed a two-headed ogre
  7243 | D:13     | Reached XP level 12. HP: 81/100 MP: 13/15
  7401 | D:13     | Got a smoking flail
  7402 | D:13     | Identified the cursed +3 flail "Qaikun" {drain, rF++ Int+3 Dex-5 Stlth+} (You found it on level 13 of the Dungeon)
  7408 | D:13     | Noticed a two-headed ogre
  7419 | D:13     | Killed a two-headed ogre
  7419 | D:13     | Reached skill level 9 in Maces & Flails
  7626 | D:13     | Reached skill level 10 in Maces & Flails
  7935 | Orc:1    | Noticed an orc high priest
  8135 | D:9      | Killed an orc high priest
  8382 | Orc:1    | Reached skill level 1 in Invocations
  8411 | Orc:1    | Noticed an ettin
  8420 | Orc:1    | Killed an ettin
  8568 | Orc:2    | Entered Level 2 of the Orcish Mines
  8568 | Orc:2    | Found a staircase to the Elven Halls.
  8826 | Orc:2    | Learned a level 3 spell: Regeneration
  8907 | Orc:2    | Reached ****** piety under Cheibriados
  8909 | Orc:2    | Noticed an orc high priest
  8913 | Orc:2    | Killed an orc high priest
  8951 | Orc:2    | Noticed an orc high priest
  8957 | Orc:2    | Noticed an orc high priest
  8959 | Orc:2    | HP: 5/100 [orc high priest/divine providence (9)]
  8959 | Orc:2    | Mangled by a hellwing

Vault maps used:
D:1:      dpeg_arrival_castle
D:2:      nicolae_overflow_hidden_temple, chequers_ecumenical_altar_island,
          uniq_terence, uniq_natasha
D:3:      grunt_temple_overflow_open
D:4:      kennysheep_mini_moat, kennysheep_diamond, minivault_5
D:5:      minmay_temple_entry_glass, first_bread, trog_eyes_of_draining
D:6:      lemuel_crystal_altar
D:7:      xom_teletrap_fun
D:8:      kennysheep_six_static_rooms, fedhas_bush_and_centaur_altar,
          minmay_lair_entry_grove, uniq_maurice
D:9:      kennysheep_little_box, tgw_sif, orc_0_dummy, hangedman_ranch,
          minivault_16, okawaru_gym_becter
D:11:     serial_shops, nicolae_shop_statue_plus, basic_altar, uniq_sonja
D:12:     minmay_box_of_statues, serial_shops, shop, st_stairs_11
D:13:     hangedman_vaults_entry_quadrant_bands, grunt_ministairs_6
Temple:   dshaligram_water_room_temple
Orc:1:    nicolae_orc_rockfall, minmay_orc_keep
Orc:2:    st_orc_elflike

Skill      XL: |  1  2  3  4  5  6  7  8  9 10 11 12 |
---------------+-------------------------------------+-----
Dodging        | 2 5 |  5.8
Unarmed Combat | 3 4 5 6 7 8 |  8.0
Fighting       | 5 7 |  7.1
Translocations | 7 8 |  8.2
Conjurations   | 3 |  3.6
Maces & Flails | 2 8 10 | 10.7
Spellcasting   | 2 3 4 |  4.6
Hexes          | 4 |  4.1
Air Magic      | 1 2 |  2.5
Poison Magic   | 1 |  1.0
Evocations     | 2 |  2.0
Invocations    | 4 |  4.3
Necromancy     | 3 |  3.3
Throwing       | |  0.8
Armour         | |  0.8

Action                   |  1- 3 |  4- 6 |  7- 9 | 10-12 || total
-------------------------+-------+-------+-------+-------++-------
Melee: Unarmed           |    91 |   149 |   303 |   353 ||   896
       Punch             |     1 |     5 |     9 |    49 ||    64
       Demon whip        |       |       |       |   240 ||   240
Throw: Tomahawk          |       |       |     5 |       ||     5
 Cast: Shroud of Golubri |       |    15 |    40 |    51 ||   106
       Blink             |       |     1 |    14 |    13 ||    28
       Animate Skeleton  |       |     3 |    10 |    69 ||    82
       Mephitic Cloud    |       |       |       |     1 ||     1
       Lesser Beckoning  |       |       |       |     4 ||     4
       Passage of Golubr |       |       |       |     2 ||     2
Invok: Bend Time         |       |       |       |     2 ||     2
       Slouch            |       |       |       |     5 ||     5
Evoke: Wand              |       |       |     4 |    22 ||    26
  Use: Scroll            |       |       |    11 |    13 ||    24
       Potion            |       |       |     5 |     3 ||     8
 Stab: Sleeping          |       |       |       |     2 ||     2
       Paralysed         |       |       |       |     8 ||     8
       Distracted        |       |       |       |     3 ||     3
  Eat: Chunk             |    22 |    19 |    46 |   131 ||   218
Armor: Leather armour    |    17 |    27 |    49 |    75 ||   168
Dodge: Dodged            |    43 |    96 |   150 |   447 ||   736

Table legend:
 A = Spawn XP
 B = Non-spawn XP
 C = Spawn XP percentage of total XP
 D = Spawn monster count
 E = Non-spawn monster count
 F = Spawn count percentage of total count
 G = Total turns spent on level
                    A         B        C        D         E        F      G
               +---------+---------+-------+---------+---------+-------+---------
         Total |       0 |   31685 |   0.0 |       0 |     319 |   0.0 |  8959
               +---------+---------+-------+---------+---------+-------+---------
           D:1 |       0 |       9 |   0.0 |       0 |       5 |   0.0 |    84
           D:2 |       0 |      74 |   0.0 |       0 |      14 |   0.0 |   578
           D:3 |       0 |     173 |   0.0 |       0 |      16 |   0.0 |   581
           D:4 |       0 |     156 |   0.0 |       0 |      13 |   0.0 |   598
           D:5 |       0 |     635 |   0.0 |       0 |      12 |   0.0 |   894
           D:6 |       0 |    1431 |   0.0 |       0 |      32 |   0.0 |   770
           D:7 |       0 |     588 |   0.0 |       0 |      10 |   0.0 |   474
           D:8 |       0 |    2321 |   0.0 |       0 |      24 |   0.0 |   568
           D:9 |       0 |    3061 |   0.0 |       0 |      35 |   0.0 |  1458
          D:10 |       0 |     565 |   0.0 |       0 |       4 |   0.0 |   456
          D:11 |       0 |    3802 |   0.0 |       0 |      25 |   0.0 |   531
          D:12 |       0 |    1876 |   0.0 |       0 |      22 |   0.0 |   523
          D:13 |       0 |    9433 |   0.0 |       0 |      38 |   0.0 |   605
         Orc:1 |       0 |    3571 |   0.0 |       0 |      38 |   0.0 |   462
         Orc:2 |       0 |    3990 |   0.0 |       0 |      31 |   0.0 |   343
               +---------+---------+-------+---------+---------+-------+---------
